 Dungeon Crawl Stone Soup version 0.20.1-1-g8b1a95d (webtiles) character file.

799 homeworkjunkie the Chopper (level 7, -14/61 HPs)
             Began as a Hill Orc Fighter on Dec 15, 2017.
             Killed from afar by an orc wizard (16 damage)
             ... with a puff of frost
             ... on level 7 of the Dungeon.
             The game lasted 00:08:37 (4111 turns).

homeworkjunkie the Chopper (Hill Orc Fighter)       Turns: 4111, Time: 00:08:38

Health: -14/61     AC: 13    Str: 25    XL:     7   Next: 90%
Magic:  7/7        EV:  6    Int: 18    God:
Gold:   418        SH: 21    Dex: 11    Spells: 6/6 levels left

rFire    + . .     SeeInvis .   a - +1 war axe
rCold    x . .     Gourm    .   n - +6 large shield of Uskayaw's Favour {rN+ Int+5}
rNeg     + . .     Faith    .   b - +0 scale mail
rPois    .         Spirit   .   y - +0 helmet
rElec    .         Reflect  .   h - +1 cloak
rCorr    .         Harm     .   q - +2 pair of gloves
MR       .....                  (no boots)
Stlth    ..........             r - amulet of inaccuracy (curse)
Regen    0.2/turn               o - +5 ring of intelligence
MPRegen  0.1/turn               t - ring of fire

@: mighty, very slightly contaminated, invisible
A: no striking features
a: no special abilities


You were on level 7 of the Dungeon.
You were very full.

You visited 1 branch of the dungeon, and saw 7 of its levels.

You collected 418 gold pieces.

Inventory:

Hand Weapons
 a - a +1 war axe (weapon)
Armour
 b - a +0 scale mail (worn)
 h - a +1 cloak (worn)
 n - the +6 large shield of Uskayaw's Favour (worn) {rN+ Int+5}
   (You found it on level 5 of the Dungeon)

   It affects your intelligence (+5).
   It protects you from negative energy.
 q - a +2 pair of gloves (worn)
 y - a +0 helmet (worn)
Jewellery
 o - a +5 ring of intelligence (left hand)
 r - a cursed amulet of inaccuracy (around neck)
 t - a ring of fire (right hand)
Wands
 m - a wand of flame (19/48)
Scrolls
 c - a scroll of remove curse
 e - 5 scrolls of identify
 g - a scroll of fog
 i - 3 scrolls of teleportation
 v - 2 scrolls of recharging
Potions
 j - 2 potions of brilliance
 l - a potion of flight
 s - a potion of invisibility
Comestibles
 f - 6 bread rations
 k - 2 meat rations


   Skills:
 * Level 5.2 Fighting
 * Level 7.9 Axes
 * Level 4.9 Armour
 + Level 1.3 Dodging
 + Level 0.3 Stealth
 * Level 5.1 Shields
 * Level 0.4 Evocations


You had 6 spell levels left.
You didn't know any spells.

Dungeon Overview and Level Annotations

Branches:
Dungeon (7/15)
 Temple: D:4-7

Altars:
Elyvilon
Trog


Message History

A magic dart appears from out of thin air!
The magic dart hits you!
* * * LOW HITPOINT WARNING * * *
You barely miss something.
Something hits you but does no damage. x2
Your shield and scale mail prevent you from hitting something.
You hear some strange, mumbled words.
A puff of flame appears from out of thin air!
The puff of flame hits you! You resist.
* * * LOW HITPOINT WARNING * * *
Something hits you but does no damage.
You fade into invisibility!
Something hits you but does no damage.
You are very lightly contaminated with residual magic.
You miss something. Something hits you but does no damage.
You block something's attack.
You closely miss something.
You hear some strange, mumbled words.
A puff of frost appears from out of thin air!
The puff of frost hits you!
You feel a terrible chill!
You die...

#..... #....
#...#
#######.#.#
....o.....#
#<#.# #.#.#
#.#.# #.#@#
#......){..#
...........#
#..........#
##.#.........
# #.......#..
#.....).##.#
......... .#


There were no monsters in sight!

Vanquished Creatures
  Pikel (D:5)
  An orc warrior (D:7)
  A centaur (D:5)
  A hound (D:5)
  An iguana (D:6)
  An orc wizard (D:4)
  A howler monkey skeleton (D:4)
  4 adders
  3 dart slugs
  2 leopard geckos
  3 orcs (D:4)
  3 bats
  4 giant cockroaches
  7 goblins
  8 hobgoblins
  6 jackals
  2 ball pythons (D:3)
  6 frilled lizards
  3 kobolds
  A leopard gecko skeleton (D:4)
  5 rats
64 creatures vanquished.

Vanquished Creatures (others)
  A slave (D:5)
  A centaur (D:5)
2 creatures vanquished.

Grand Total: 66 creatures vanquished

Notes
Turn   | Place    | Note
-------+----------+-------------------------------------------
     0 | D:1      | homeworkjunkie the Hill Orc Fighter began the quest for the Orb.
     0 | D:1      | Reached XP level 1. HP: 19/19 MP: 1/1
   157 | D:2      | Reached XP level 2. HP: 26/27 MP: 2/2
   637 | D:3      | Reached skill level 3 in Axes
   816 | D:3      | Reached XP level 3. HP: 33/33 MP: 3/3
   937 | D:3      | Reached XP level 4. HP: 31/40 MP: 4/4
  1084 | D:3      | Found a white marble altar of Elyvilon.
  1200 | D:2      | Reached skill level 4 in Axes
  1269 | D:2      | Found a bloodstained altar of Trog.
  2252 | D:5      | Entered Level 5 of the Dungeon
  2948 | D:5      | Noticed Pikel
  2948 | D:5      | Noticed a slave
  2948 | D:5      | Noticed a slave
  2949 | D:5      | Noticed a slave
  2949 | D:5      | Noticed a slave
  2962 | D:5      | Killed Pikel
  2962 | D:5      | Reached skill level 5 in Fighting
  2962 | D:5      | Reached skill level 7 in Axes
  2962 | D:5      | Reached skill level 1 in Dodging
  2962 | D:5      | Reached XP level 5. HP: 36/48 MP: 5/5
  2962 | D:5      | Reached XP level 6. HP: 42/56 MP: 6/6
  2962 | D:5      | Reached XP level 7. HP: 46/61 MP: 7/7
  3394 | D:5      | Got a fine large shield
  3405 | D:5      | Identified the +6 large shield of Uskayaw's Favour {rN+ Int+5} (You found it on level 5 of the Dungeon)
  4099 | D:7      | Reached skill level 5 in Shields
  4106 | D:7      | HP: 3/61 [something/magic dart (5)]
  4108 | D:7      | HP: 1/61 [something/puff of flame (2)]
  4111 | D:7      | Killed from afar by an orc wizard

Skill      XL: |  1  2  3  4  5  6  7 |
---------------+----------------------+-----
Fighting       | 4 5 |  5.2
Axes           | 3 7 |  7.9
Shields        | 4 5 |  5.1
Armour         | 4 |  4.9
Dodging        | 1 |  1.3
Stealth        | |  0.3
Evocations     | |  0.4

Action                   |  1- 3 |  4- 6 |  7- 9 || total
-------------------------+-------+-------+-------++-------
Melee: War axe           |   107 |    47 |   103 ||   257
       Hand axe          |     3 |    51 |       ||    54
  Use: Potion            |     4 |     4 |     2 ||    10
       Scroll            |     3 |     7 |     1 ||    11
  Eat: Fruit             |     3 |     6 |     4 ||    13
       Royal jelly       |       |       |     3 ||     3
Armor: Scale mail        |    62 |    38 |    39 ||   139
Dodge: Dodged            |    23 |    39 |    40 ||   102
Block: Shield            |    60 |    48 |    28 ||   136
       Large shield      |       |       |    50 ||    50
